 Dungeon Crawl Stone Soup version 0.30-a0-847-g17996783a1 (webtiles) character file.

Game seed: 11576959322294264916

844 Maxmaps the Basher (level 7, -18/47 (52) HPs)
             Began as a Demonspawn Fighter on Mar 3, 2023.
             Killed from afar by an orc sorcerer (31 damage)
             ... with a bolt of negative energy
             ... on level 2 of the Abyss.
             The game lasted 00:05:38 (4539 turns).

Maxmaps the Basher (Demonspawn Fighter)             Turns: 4539, Time: 00:05:39

HP:   -18/47 (52)   AC: 12    Str: 17    XL:     7   Next: 68%
MP:   7/7           EV:  7    Int: 11    God:
Gold: 204           SH:  4    Dex: 12    Spells: 6/6 levels left

rFire   . . .      SeeInvis .    q - +0 morningstar
rCold   . . .      Faith    .    c - +0 buckler
rNeg    . . .      Spirit   .    o - +0 plate armour
rPois   .          Reflect  .    (no helmet)
rElec   .          Rampage  .    (no cloak)
rCorr   .                        (no gloves)
Will    .....                    k - +0 pair of boots Stlth
                                 g - amulet of magic regeneration
HPRegen 0.27/turn                (no ring)
MPRegen 0.50/turn                (no ring)

@: drained
A: powered by death 1, sturdy frame 2, demonic magic 3
a: no special abilities


You were on level 2 of the Abyss.
You visited 1 branch of the dungeon, and saw 4 of its levels.
You visited the Abyss 1 time.

You collected 204 gold pieces.

Inventory:

Hand Weapons
 q - a +0 morningstar (weapon)
Armour
 c - a +0 buckler (worn)
 k - a +0 pair of boots (worn)
 o - a +0 plate armour (worn)
Jewellery
 g - an amulet of magic regeneration (around neck)
 l - a ring of ice
 w - a ring of magical power
Wands
 d - a wand of mindburst (14)
 e - a wand of polymorph (6)
 n - a wand of charming (7)
Scrolls
 f - a scroll of vulnerability
 h - 2 scrolls of fear {unknown}
 r - a scroll of fog
Potions
 a - 3 potions of degeneration
 b - a potion of magic {unknown}
 i - a potion of haste
 j - 2 potions of brilliance
 m - 2 potions of lignification


   Skills:
 - Level 3.0 Fighting
 + Level 8.2 Maces & Flails
 - Level 2.6 Armour
 - Level 2.6 Shields


You had 6 spell levels left.
You didn't know any spells.
Your spell library contained the following spells:

 Spells                   Type           Power      Damage    Failure   Level
 Slow                     Hex            0%         N/A       99%         1
 Confusing Touch          Hex            0%         N/A       100%        3
 Gell's Gravitas          Tloc           0%         N/A       100%        3
 Teleport Other           Tloc           0%         N/A       100%        3
 Vampiric Draining        Necr           0%         2d6       100%        3
 Dispersal                Tloc           0%         N/A       100%        6


Dungeon Overview and Level Annotations

Branches:
Dungeon (4/15)
 Temple: D:4-7

Altars:
Wu Jian

Annotations:
D:4 Crazy Yiuf


Innate Abilities, Weirdness & Mutations

You regenerate a little health from kills.
Your movements are less encumbered by armour. (ER -4)
Spells you cast and wands you use may paralyse nearby enemies.


Message History

You barely miss Crazy Yiuf.
Crazy Yiuf is severely wounded.
* * * LOW HITPOINT WARNING * * *
You feel very sick.
Crazy Yiuf hits you with a +4 quarterstaff of chaos.
* * * LOW HITPOINT WARNING * * *
The grasping roots constrict you. The roots lose their grip on you.
You are cast into the Abyss!
This branch contains the abyssal rune of Zot.
You feel much better.
You feel very sick.
You feel sick.
You feel sick.
You feel sick.
You feel much better.
You feel sick.
You feel sick.
You start resting.
You feel sick. x4
You are no longer poisoned.
You start resting.
HP restored.
You start waiting.
Done waiting.
You start waiting.
Done waiting.
You start waiting.
An orc sorcerer comes into view. It is wielding a +2 dagger of freezing.
The orc sorcerer points at you and mumbles some strange words.
You resist with significant effort.
Unknown command.
The orc sorcerer casts a spell at you. The bolt of negative energy hits you!!
You feel drained. The caustic shrike skeleton claws you.
The orc sorcerer hits you but does no damage.
The caustic shrike skeleton completely misses you.
You closely miss the orc sorcerer. The caustic shrike skeleton claws you!
* * * LOW HITPOINT WARNING * * *
The orc sorcerer casts a spell at you. The bolt of negative energy hits you!!
You feel drained.
Ouch! That really hurt!
You die...

# ## .##.#
.. #...ยง
.... # ...
..#.. #....
#...#
##.#.##.#..
#...o#.#.#
###@Z#.#
#.#.#.#
##...##
##.#### #.#
# ####. .#
. '#


You could see an orc sorcerer and a caustic shrike skeleton.

Vanquished Creatures
  Sigmund (D:2)
  Menkaure (D:4)
  A water moccasin (D:4)
  A gnoll bouda (D:4)
  A sleepcap (D:4)
  Ijyb (D:3)
  Natasha (twice) (D:3)
  2 iguanas
  An orc wizard (D:2)
  12 gnolls
  3 adders
  A shadow imp (D:4)
  3 dart slugs
  10 orcs
  6 endoplasms
  5 giant cockroaches
  11 goblins
  11 hobgoblins
  8 jackals
  8 kobolds
  4 ball pythons
  7 bats
  2 frilled lizards (D:2)
  6 rats
108 creatures vanquished.

Vanquished Creatures (others)
  A small abomination (Abyss:2)
1 creature vanquished.

Grand Total: 109 creatures vanquished

Notes
Turn   | Place    | Note
-------+----------+-------------------------------------------
     0 | D:1      | Maxmaps the Demonspawn Fighter began the quest for the Orb.
     0 | D:1      | Reached XP level 1. HP: 18/18 MP: 1/1
    38 | D:1      | Reached skill level 2 in Maces & Flails
    73 | D:1      | Gained mutation: Spells you cast may paralyse adjacent
                  | enemies. [demonic ancestry]
    73 | D:1      | Reached XP level 2. HP: 24/24 MP: 2/2
   408 | D:1      | Reached skill level 3 in Maces & Flails
   448 | D:1      | Found a faded altar of an unknown god.
   536 | D:1      | Gained mutation: Your movements are slightly less
                  | encumbered by armour. (ER -2) [demonic ancestry]
   536 | D:1      | Reached XP level 3. HP: 29/29 MP: 3/3
  1008 | D:2      | Reached skill level 4 in Maces & Flails
  1008 | D:2      | Gained mutation: Spells you cast may paralyse nearby
                  | enemies. [demonic ancestry]
  1008 | D:2      | Reached XP level 4. HP: 15/35 MP: 4/4
  1535 | D:3      | Noticed Sigmund
  1695 | D:2      | Gained mutation: You regenerate a little health from kills.
                  | [demonic ancestry]
  1695 | D:2      | Reached XP level 5. HP: 10/41 MP: 5/5
  2025 | D:2      | Killed Sigmund
  2026 | D:2      | Reached skill level 5 in Maces & Flails
  2026 | D:2      | Gained mutation: Your movements are less encumbered by
                  | armour. (ER -4) [demonic ancestry]
  2026 | D:2      | Reached XP level 6. HP: 11/47 MP: 6/6
  2184 | D:3      | Reached skill level 6 in Maces & Flails
  2358 | D:3      | Noticed Natasha
  2364 | D:3      | Killed Natasha
  2393 | D:3      | Noticed Ijyb
  2409 | D:3      | Killed Ijyb
  2622 | D:3      | Noticed Natasha
  2626 | D:3      | Killed Natasha
  3204 | D:4      | Reached skill level 7 in Maces & Flails
  3204 | D:4      | Gained mutation: Spells you cast and wands you use may
                  | paralyse nearby enemies. [demonic ancestry]
  3204 | D:4      | Reached XP level 7. HP: 41/52 MP: 7/7
  3418 | D:4      | Found an ornate altar of the Wu Jian Council.
  3785 | D:4      | Found a runed translucent door.
  3786 | D:4      | Noticed Crazy Yiuf
  3896 | D:4      | Noticed Menkaure
  3905 | D:4      | Killed Menkaure
  3906 | D:4      | Reached skill level 8 in Maces & Flails
  4231 | Abyss:2  | Cast into level 2 of the Abyss (Crazy Yiuf)
  4532 | Abyss:2  | Noticed an orc sorcerer
  4535 | Abyss:2  | Noticed a caustic shrike skeleton
  4539 | Abyss:2  | Killed from afar by an orc sorcerer

Illustrated notes

Levels and vault maps discovered:
D:1:      elethiomel_arrival_quiet, layout_loops_cross,
          shapermc_ecumenical_altar_venn, chequers_arboretum,
          minmay_misc_feat_tiny
D:2:      layout_basic
D:3:      layout_rooms, serial_curves, eino_curves_03, eino_curves_03,
          corner_web_ring, uniq_ijyb, uniq_natasha, uniq_sigmund
D:4:      layout_basic, nzn_wu_jian_council_hall, uniq_menkaure,
          uniq_crazy_yiuf_cottage
Abyss:2:  base: D:3, evilmike_abyss_exit_glass

Skill      XL: |  1  2  3  4  5  6  7 |
---------------+----------------------+-----
Maces & Flails | 2 3 4 5 7 8 |  8.2
Fighting       | |  3.0
Armour         | |  2.6
Shields        | |  2.6

Action                     |  1- 3 |  4- 6 |  7- 9 || total
---------------------------+-------+-------+-------++-------
  Melee: Flail             |   112 |    10 |       ||   122
         Morningstar       |       |   152 |    82 ||   234
         Unarmed           |       |       |     3 ||     3
    Use: Scroll            |       |     8 |     2 ||    10
         Potion            |       |     1 |     6 ||     7
 Armour: Scale mail        |    74 |    56 |    20 ||   150
         Chain mail        |       |       |     8 ||     8
         Plate armour      |       |       |     2 ||     2
  Dodge: Dodged            |    45 |    80 |    36 ||   161
  Block: Buckler           |    28 |    42 |    13 ||    83

Table legend: (Time is in decaauts)
 A = Elapsed time spent in this place.
 B = Non-inter-level travel time spent in this place.
 C = Inter-level travel time spent in this place.
 D = Time resting spent in this place.
 E = Time spent auto-exploring this place.
 F = Levels seen in this place.
 G = Mean time per level.
                   A        B        C        D        E       F      G
               +--------+--------+--------+--------+--------+-----+--------+
         Total |   4624 |   4489 |    135 |   1434 |   2084 |   5 |  924.8 |
       Dungeon |   4316 |   4181 |    135 |   1140 |   2084 |   4 | 1079.0 |
         Abyss |    307 |    307 |      0 |    294 |      0 |   1 |  307.0 |
               +--------+--------+--------+--------+--------+-----+--------+

Top non-repeatable levels by time:
     D:2: 1264 daAuts
     D:4: 1197 daAuts
     D:1: 983 daAuts
     D:3: 871 daAuts
 Abyss:2: 307 daAuts
